 Dungeon Crawl Stone Soup version 0.28.0 (webtiles) character file.

Game seed: 453063430153192307

2718 a3don the Geomancer (level 9, 0/78 HPs)
             Began as a Deep Dwarf Earth Elementalist on Feb 15, 2022.
             Shot with an arrow by a centaur warrior (12 damage)
             ... on level 9 of the Dungeon.
             The game lasted 00:31:05 (9611 turns).

a3don the Geomancer (Deep Dwarf Earth Elementalist) Turns: 9611, Time: 00:31:06

Health: 0/78       AC: 13    Str: 19    XL:     9   Next: 39%
Magic:  4/13       EV: 13    Int: 19    God:
Gold:   200        SH:  0    Dex: 13    Spells: 12/16 levels left

rFire   . . .      SeeInvis .   K - +2 spear (vamp)
rCold   . . .      Faith    .   (no shield)
rNeg    . . .      Spirit   .   D - +2 leather armour {Will+}
rPois   .          Reflect  .   f - +2 helmet
rElec   .          Harm     .   (no cloak)
rCorr   .          Rampage  .   J - +0 pair of gloves
Will    ++...                   (no boots)
Stlth   +++.......              (no amulet)
HPRegen 0.00/turn               n - +4 ring of protection
MPRegen 0.13/turn               x - +6 ring of strength

@: invisible
A: damage resistance, heal wounds, sense surroundings 2, no regeneration
a: Heal Wounds


You were on level 9 of the Dungeon.
You visited 1 branch of the dungeon, and saw 7 of its levels.

You collected 317 gold pieces.
You spent 117 gold pieces at shops.

Inventory:

Hand Weapons
 a - a +1 whip of electrocution
 b - a +0 arbalest
 j - a +2 short sword of speed
 m - a +0 hunting sling
 q - a +2 dagger of holy wrath
 B - a +2 short sword of draining
 G - a +0 hand axe
 K - a +2 vampiric spear (weapon)
Missiles
 c - 150 stones
 v - 64 bolts
Armour
 f - a +2 helmet (worn)
 u - a +0 robe
 D - a +2 leather armour of willpower (worn)
 J - a +0 pair of gloves (worn)
Magical Staves
 L - a staff of air
Jewellery
 l - an amulet of faith
 n - a +4 ring of protection (left hand)
 x - a +6 ring of strength (right hand)
Scrolls
 e - 3 scrolls of vulnerability
 o - a scroll of magic mapping {unknown}
 r - a scroll of identify
 w - 2 scrolls of immolation {unknown}
 y - 2 scrolls of fog {unknown}
 z - 2 scrolls of brand weapon {unknown}
 I - 2 scrolls of amnesia
Potions
 d - 2 potions of flight {unknown}
 g - a potion of haste {unknown}
 h - a potion of invisibility
 i - a potion of brilliance {unknown}
 k - a potion of resistance {unknown}
 p - a potion of magic {unknown}
 s - a potion of curing {unknown}
 t - a potion of lignification {unknown}
 A - a potion of heal wounds {unknown}
 C - a potion of might {unknown}
 F - 2 potions of mutation {unknown}
 H - a potion of cancellation {unknown}


   Skills:
 + Level 3.9 Fighting
 * Level 1.1 Polearms
 - Level 4.0 Armour
 + Level 5.4 Dodging
 - Level 6.2 Stealth
 + Level 4.1 Spellcasting
 + Level 5.0 Conjurations
 - Level 1.0 Transmutations
 + Level 8.5 Earth Magic


You had 12 spell levels left.
You knew the following spells:

 Your Spells              Type           Power      Damage    Failure   Level
a - Sandblast             Erth           72%        2d16      1%          1
b - Stone Arrow           Conj/Erth      58%        3d10      2%          3

Your spell library contained the following spells:

 Spells                   Type           Power      Damage    Failure   Level
 Passwall                 Tmut/Erth      18%        N/A       3%          2
 Petrify                  Tmut/Erth      22%        N/A       22%         4
 Blink                    Tloc           6%         N/A       24%         2
 Ensorcelled Hibernation  Hex/Ice        6%         N/A       24%         2
 Frozen Ramparts          Ice            6%         1d2       43%         3
 Lesser Beckoning         Tloc           3%         N/A       43%         3
 Swiftness                Air            3%         N/A       43%         3
 Ice Form                 Ice/Tmut       5%         N/A       77%         4
 Summon Ice Beast         Ice/Summ       3%         N/A       83%         4
 Manifold Assault         Tloc           3%         N/A       99%         5
 Summon Forest            Summ/Tloc      1%         N/A       99%         5
 Eringya's Noxious Bog    Tmut/Pois      2%         N/A       100%        6
 Summon Hydra             Summ           1%         N/A       100%        7


Dungeon Overview and Level Annotations

Branches:
Dungeon (6/15)             Temple (0/1) D:6

Altars:
Fedhas
Ru
Uskayaw
Vehumet

Shops:
D:5 :*=[

Annotations:
D:4 exclusion: statue


Innate Abilities, Weirdness & Mutations

You are resistant to damage.
You can heal yourself by infusing magical energy.
You passively map the area around you.
You do not regenerate.


Message History

The centaur warrior unwields a +0 war axe.
The centaur warrior wields a +0 shortbow.
The centaur warrior shoots an arrow.
The arrow hits you but does no damage.
The centaur shoots an arrow.
The arrow hits you!
* * * LOW HITPOINT WARNING * * *
The centaur warrior unwields a +0 shortbow.
The centaur warrior wields a +0 war axe.
The centaur warrior hits you with a +0 war axe.
* * * LOW HITPOINT WARNING * * *
The centaur warrior kicks you but does no damage.
The centaur shoots an arrow.
The arrow hits you.
* * * LOW HITPOINT WARNING * * *
Things that are here:
a +0 dagger; a +0 robe You fade into invisibility!
The centaur shoots an arrow.
The arrow misses you.
The centaur warrior hits you but does no damage.
The centaur warrior kicks you but does no damage.
The centaur shoots an arrow.
The arrow hits you.
The centaur warrior hits you with a +0 war axe!
* * * LOW HITPOINT WARNING * * *
The centaur warrior kicks you but does no damage.
You feel much better.
The centaur shoots an arrow.
The arrow hits you.
The centaur warrior hits you with a +0 war axe!
The centaur warrior kicks you but does no damage.
The centaur shoots an arrow.
The arrow hits you but does no damage.
The centaur warrior unwields a +0 war axe.
The centaur warrior wields a +0 shortbow.
The centaur warrior shoots an arrow.
The arrow hits you!
* * * LOW HITPOINT WARNING * * *
The centaur unwields a +0 shortbow.
The centaur hits you but does no damage.
The centaur barely misses you.
You see here a killer bee corpse.
The centaur warrior shoots an arrow.
The centaur warrior shoots an arrow.
A troll comes into view.
The troll shouts!
The centaur warrior shoots an arrow.
The arrow hits you!
You die...

, * ,.., #c..#* ## *
#.###* , #.# * , ,,*
##### #.### * , *
#...## #.#.. * , ,*
#....# #.#.# * ,
#....# #.#.# , ,
###....#####)#.#
*##..>.@....##†#)#
,...............c.#
**###...T..c.....###
* ** ####...#######
, , * #...# , ,
,,......# * ,
######## , + * * ,


You could see a centaur warrior and a troll.

Vanquished Creatures
  Pikel (D:4)
  A wyvern (D:9)
  2 water moccasins
  Duvessa (D:5)
  2 ice beasts (D:6)
  2 necrophages
  A black bear (D:4)
  3 ogres
  A centaur (D:5)
  4 lemures
  A phantom (D:5)
  Blork the orc (D:5)
  A gnoll sergeant (D:6)
  2 scorpions
  Dowan (D:5)
  2 killer bees (D:9)
  A howler monkey (D:4)
  A centaur zombie (D:6)
  3 hounds
  A bullfrog skeleton (D:6)
  A centaur skeleton (D:5)
  2 iguanas (D:4)
  An orc wizard (D:9)
  2 killer bee zombies
  A howler monkey zombie (D:5)
  4 gnolls (D:6)
  6 adders
  A white imp (D:6)
  An ufetubus (D:4)
  An adder skeleton (D:4)
  4 worms
  A dart slug (D:4)
  6 orcs
  6 endoplasms
  5 giant cockroaches
  10 goblins
  7 hobgoblins
  4 jackals
  8 kobolds
  3 quokkas
  7 ball pythons
  5 bats
  7 frilled lizards
  8 rats
133 creatures vanquished.

Vanquished Creatures (others)
  A plant (D:5)
1 creature vanquished.

Grand Total: 134 creatures vanquished

Notes
Turn   | Place    | Note
-------+----------+-------------------------------------------
     0 | D:1      | a3don the Deep Dwarf Earth Elementalist began the quest for
                  | the Orb.
     0 | D:1      | Reached XP level 1. HP: 15/15 MP: 3/3
    91 | D:1      | Reached skill level 1 in Transmutations
   394 | D:1      | Reached XP level 2. HP: 22/22 MP: 1/4
   910 | D:1      | Reached skill level 1 in Conjurations
  1408 | D:2      | Reached XP level 3. HP: 21/28 MP: 3/5
  1412 | D:2      | Learned a level 3 spell: Stone Arrow
  1962 | D:2      | Reached XP level 4. HP: 22/36 MP: 3/7
  2237 | D:2      | Reached skill level 5 in Earth Magic
  3001 | D:3      | Noticed a necrophage
  3014 | D:3      | Killed a necrophage
  3015 | D:3      | Reached XP level 5. HP: 19/43 MP: 0/8
  3966 | D:3      | Found a sacrificial altar of Ru.
  4239 | D:4      | Reached skill level 1 in Fighting
  4346 | D:4      | Reached XP level 6. HP: 23/51 MP: 4/9
  5231 | D:4      | Found a hide-covered altar of Uskayaw.
  5238 | D:4      | Reached skill level 1 in Armour
  5238 | D:4      | Reached skill level 6 in Earth Magic
  5917 | D:4      | Found a radiant altar of Vehumet.
  6101 | D:5      | Entered Level 5 of the Dungeon
  6210 | D:5      | Noticed Pikel
  6261 | D:4      | Reached XP level 7. HP: 20/57 MP: 2/11
  6972 | D:5      | Found Haasor's Assorted Antiques.
  7047 | D:5      | Noticed Blork the orc
  7137 | D:5      | Killed Blork the orc
  7138 | D:5      | Reached skill level 7 in Earth Magic
  7436 | D:5      | Found Diddant Othu's Book Shoppe.
  7509 | D:5      | Reached XP level 8. HP: 31/67 MP: 9/11
  7669 | D:5      | Found a blossoming altar of Fedhas.
  7685 | D:5      | Noticed Dowan
  7686 | D:5      | Noticed Duvessa
  7698 | D:4      | Killed Pikel
  7699 | D:4      | Reached skill level 5 in Stealth
  7994 | D:5      | Killed Dowan
  8001 | D:5      | Killed Duvessa
  8002 | D:5      | Reached skill level 8 in Earth Magic
  8148 | D:5      | Found Puruem's Antique Armour Emporium.
  8156 | D:5      | Bought a pair of gloves for 117 gold pieces
  8210 | D:5      | Found Bythroph's Jewellery Shop.
  8393 | D:6      | Gained mutation: You passively map the area around you.
                  | [Deep Dwarf growth]
  8393 | D:6      | Reached XP level 9. HP: 60/76 MP: 9/13
  8426 | D:6      | Reached skill level 5 in Dodging
  8911 | D:6      | Found a staircase to the Ecumenical Temple.
  9454 | D:6      | You fall into a shaft and drop 3 floors!
  9454 | D:9      | Noticed an eight-headed hydra
  9454 | D:9      | Noticed a centaur warrior
  9454 | D:9      | Noticed a boulder beetle
  9460 | D:9      | Noticed a centaur warrior
  9462 | D:9      | Noticed an orc sorcerer
  9463 | D:9      | Paralysed by an orc sorcerer for 6 turns
  9464 | D:9      | Noticed a kobold demonologist
  9466 | D:9      | Noticed a deep elf zephyrmancer
  9470 | D:9      | Noticed a rust devil
  9470 | D:9      | HP: 1/78 [orc sorcerer/bolt of fire (35)]
  9495 | D:9      | Reached skill level 5 in Conjurations
  9582 | D:9      | Reached skill level 1 in Polearms
  9608 | D:9      | Noticed a troll
  9611 | D:9      | Shot with an arrow by a centaur warrior

Illustrated notes

Levels and vault maps discovered:
D:1:      erik_arrival_triangle_small, layout_basic, minmay_octomino_j4
D:2:      layout_loops_ring
D:3:      minmay_inner_zag, layout_loops_ring, nicolae_ru_path_of_blood
D:4:      layout_basic, lemuel_tele_altar, vehumet_statue
D:5:      layout_rooms, fedhas_altar_1, serial_shops, shop, shop,
          nicolae_shop_advertising_works [nicolae_subvault_shop_adworks], shop,
          minivault_4, uniq_blork_the_orc, uniq_pikel, uniq_duvessa
D:6:      layout_basic, mainiacjoe_overflow_surrounded_room,
          minmay_temple_entry_statues_fountains, minmay_misc_feat_x
D:9:      minmay_the_grid_3x3 [minmay_the_grid_dragon_b, minmay_the_grid_empty,
          minmay_the_grid_odd_star, minmay_the_grid_x, minmay_the_grid_eight,
          minmay_the_grid_medium_cups, minmay_the_grid_tri_star,
          minmay_the_grid_outer_circle, minmay_the_grid_prize_inner_circle],
          layout_loops_ring, kennysheep_mini_moat

Skill      XL: |  1  2  3  4  5  6  7  8  9 |
---------------+----------------------------+-----
Transmutations | 1 |  1.0
Conjurations   | 1 2 3 4 5 |  5.0
Spellcasting   | 2 3 4 |  4.1
Stealth        | 3 4 5 6 |  6.2
Earth Magic    | 5 6 7 8 |  8.5
Dodging        | 3 4 5 |  5.4
Fighting       | 1 2 3 |  3.9
Armour         | 1 2 3 4 |  4.0
Polearms       | 1 |  1.1

Action                   |  1- 3 |  4- 6 |  7- 9 || total
-------------------------+-------+-------+-------++-------
Melee: Unarmed           |     3 |       |       ||     3
       Punch             |     2 |       |       ||     2
       Hand axe          |    32 |    21 |       ||    53
       Short sword       |       |     3 |    24 ||    27
       Whip              |       |       |    10 ||    10
       Spear             |       |       |    44 ||    44
 Fire: Arbalest          |       |       |     5 ||     5
 Cast: Sandblast         |    38 |    51 |    57 ||   146
       Stone Arrow       |       |    39 |    46 ||    85
 Abil: Heal Wounds       |       |     1 |     6 ||     7
  Use: Scroll            |       |       |     7 ||     7
       Potion            |       |       |     1 ||     1
 Stab: Sleeping          |     2 |       |       ||     2
Armor: Robe              |    15 |    11 |       ||    26
       Leather armour    |       |    17 |    83 ||   100
Dodge: Dodged            |    38 |    65 |   115 ||   218
